 Dungeon Crawl Stone Soup version 0.32-a0-131-g9dbbe29 (webtiles) character file.

Game seed: 15428143987300264420

154 edsrzf the Conjurer (level 5, -4/31 HPs)
             Began as an Octopode Hedge Wizard on Feb 8, 2024.
             Killed by divine providence
             ... invoked by an orc priest
              (10 damage)
             ... on level 4 of the Dungeon.
             The game lasted 00:06:05 (3177 turns).

edsrzf the Conjurer (Octopode Hedge Wizard)         Turns: 3177, Time: 00:06:05

Health: -4/31      AC:  1    Str:  8    XL:     5   Next: 36%
Magic:  9/10       EV: 13    Int: 22    God:
Gold:   68         SH:  0    Dex: 17    Spells: 7/11 levels left

rFire   + . .        a - +2 dagger (venom)
rCold   . . .        (no shield)
rNeg    . . .        b - +0 hat
rPois   .            (no amulet)
rElec   .            f - +6 ring of dexterity
rCorr   .            (no ring)
SInv    .            (no ring)
Will    .....        (no ring)
Stlth   +++          (no ring)
HPRegen 0.25/turn    (no ring)
MPRegen 0.12/turn    (no ring)
                     (no ring)

%: no passive effects
@: no status effects
A: almost no armour, amphibious, 8 rings, camouflage 1, gelatinous body 1,
(nimble swimmer 1), tentacles, clever 1, fire resistance 1
a: no special abilities


You were on level 4 of the Dungeon.
You visited 1 branch of the dungeon, and saw 4 of its levels.

You collected 96 gold pieces.
You spent 28 gold pieces at shops.

Inventory:

Hand Weapons
 a - a +2 dagger of venom (weapon)
Armour
 b - a +0 hat (worn)
Jewellery
 f - a +6 ring of dexterity (left tentacle)
Scrolls
 e - a scroll of vulnerability {unknown}
 i - a scroll of blinking {unknown}
 j - a scroll of enchant armour {unknown}
Potions
 c - a potion of magic
 d - a potion of haste
 g - 2 potions of resistance
 k - 2 potions of cancellation


   Skills:
 - Level 2.0 Dodging
 - Level 2.6 Stealth
 + Level 3.5 Spellcasting
 - Level 4.1 Conjurations
 - Level 1.0 Summonings
 - Level 1.0 Translocations
 + Level 1.8 Alchemy


You had 7 spell levels left.
You knew the following spells:

 Your Spells              Type           Power      Damage    Failure   Level
C - Mephitic Cloud        Conj/Alch/Air  12%        N/A       16%         3
X - Magic Dart            Conj           88%        1d7       2%          1

Your spell library contained the following spells:

 Spells                   Type           Power      Damage    Failure   Level
 Slow                     Hex            12%        N/A       12%         1
 Blink                    Tloc           16%        N/A       12%         2
 Call Imp                 Summ           16%        N/A       12%         2
 Mercury Vapours          Alch/Air       16%        N/A       12%         2
 Cigotuvi's Dreadful Rot  Necr/Alch/Air  12%        N/A       14%         2
 Hailstorm                Conj/Ice       12%        3d6       16%         3
 Jinxbite                 Hex            6%         N/A       19%         2
 Summon Ice Beast         Ice/Summ       6%         N/A       28%         3
 Ignite Poison            Fire/Alch      8%         N/A       63%         4
 Anguish                  Hex/Necr       1%         N/A       75%         4
 Freezing Cloud           Conj/Ice/Air   4%         6-21      88%         5
 Sculpt Simulacrum        Ice/Alch       4%         N/A       100%        6


Dungeon Overview and Level Annotations

Branches:
Dungeon (4/15)             Temple (0/1) D:4

Altars:
Okawaru

Shops:
D:2 ?

Annotations:
D:3 Sigmund
D:4 exclusion: scorpion


Innate Abilities, Weirdness & Mutations

You cannot wear most types of armour.
You are amphibious.
You can wear up to eight rings at the same time.
Your skin changes colour to match your surroundings (Stealth+).
Your rubbery body absorbs attacks. (AC +1, EV +1)
((You are camouflaged when in or above water. (Stealth+)))
You have tentacles for arms and can constrict up to eight enemies at once.
Your mind is acute. (Int +4, Str/Dex -1)
Your flesh is heat resistant. (rF+)


Message History

There is an open door here.
Casting: Magic Dart (safe; 3% risk of failure)
Confirm with . or Enter, or press ? or * to list all spells.
The magic dart hits the adder.
The adder is lightly wounded.
The adder bites you.
You barely miss the adder. You grab the adder.
The adder is lightly wounded.
You constrict the adder. The adder bites you but does no damage.
The adder closely misses you.
You completely miss the adder. You constrict the adder.
The adder closely misses you.
You hit the adder.
The adder is poisoned.
You tentacle-slap the adder, but do no damage.
The adder is lightly wounded.
You constrict the adder. The adder closely misses you.
You hit the adder.
The adder looks as sick as possible!
The adder is severely wounded.
You constrict the adder.
You kill the adder!
You enter the deep water.
You enter the deep water.
There is an open door here.
l - a scroll of identify {@r1}
m - a glowing amethyst potion
As you read the scroll of identify {@r1}, it crumbles to dust.
h - a potion of heal wounds You now have 68 gold pieces (gained 13).
An orc wizard, an orc priest and 2 orcs come into view.
The orc shouts! x2
The orc wizard gestures wildly while chanting.
The orc wizard flickers and vanishes!
Deactivating autopickup; reactivate with Ctrl-A.
The orc barely misses you.
You closely miss the orc. You grab the orc.
You constrict the orc, but do no damage.
The orc completely misses you.
You hit the orc but do no damage.
The orc is poisoned.
You constrict the orc.
You lose your grip on the orc.
The orc throws a boomerang.
The boomerang misses you.
Casting: Magic Dart (safe; 3% risk of failure)
Confirm with . or Enter, or press ? or * to list all spells.
Aiming: Magic Dart (safe; 3% risk of failure)
Press: ? - help, Shift-Dir - straight line, f - you The magic dart hits something.
You hear some strange, mumbled words.
A puff of flame appears from out of thin air!
The puff of flame misses you.
Casting: Magic Dart (safe; 3% risk of failure)
Confirm with . or Enter, or press ? or * to list all spells.
Aiming: Magic Dart (safe; 3% risk of failure)
Press: ? - help, Shift-Dir - straight line, f - orc
Aim: an orc, wielding a +0 mace, wearing a +0 ring mail and quivering boomerangs (almost dead, very poisoned, 100% to hit)
The magic dart hits something.
You kill the orc!
A magic dart appears from out of thin air!
The magic dart hits you.
Casting: Magic Dart (safe; 3% risk of failure)
Confirm with . or Enter, or press ? or * to list all spells.
Aiming: Magic Dart (safe; 3% risk of failure)
Press: ? - help, Shift-Dir - straight line, f - you You miscast Magic Dart.
You are very lightly contaminated with residual magic.
Nothing appears to happen.
You miss something.
Your tentacle-slap misses something.
Something hits you.
You miss something. Your squeeze misses something. Something hits you.
You hit something but do no damage. Your squeeze misses something.
Something hits you.
You hit something. Something hits you.
The orc priest miscasts a cantrip.
Okay, then.
You barely miss something.
You hear some strange, mumbled words.
A magic dart appears from out of thin air!
The magic dart hits you.
* * * LOW HITPOINT WARNING * * *
You feel much better.
You hear some strange, mumbled words.
You are confused.
The orc priest mumbles some strange prayers to Beogh against you.
Beogh smites you!
Your magical contamination has completely faded away.
You are too confused!
Unknown command.
Okay, then.
You're too confused to move!
Something hits you.
You bump into the rock wall.
Something hits you.
You bump into the rock wall.
Something hits you.
It was a potion of mutation.
You feel extremely strange.
You feel clever.
You feel resistant to heat. Something hits you.
* * * LOW HITPOINT WARNING * * *
Okay, then.
Reactivating autopickup.
You feel a bit more experienced.
You feel less confused.
The orc priest invokes the aid of Beogh against you.
Beogh smites you!
You die...

#o# #.# #o# #######.# #o#
##.....#.# #.#
####...#...รท#
#.####)###.....###...##
#.......o.............#
###....###o..#.).).#..#
#.#=#####.##.._..##.#
#.#.......@#.).).#..# #
####..#...........#
#...#....###....## #.
#...#.#...#......####
#.###...#.##.......#....#
#..........###.......##.#
#..........# ##########.#
#..........# #.#
#.......#### ########.#


You could see an orc priest and an orc.

Vanquished Creatures
  An orc wizard (D:4)
  6 adders
  3 dart slugs
  A ribbon worm (D:2)
  2 orcs (D:4)
  7 endoplasms
  3 giant cockroaches
  2 hobgoblins (D:2)
  6 jackals
  7 kobolds
  5 quokkas
  3 ball pythons
  2 bats
  4 frilled lizards
  8 goblins
  3 rats
63 creatures vanquished.

Notes
Turn   | Place    | Note
-------+----------+-------------------------------------------
     0 | D:1      | edsrzf the Octopode Hedge Wizard began the quest for the
                  | Orb.
     0 | D:1      | Reached XP level 1. HP: 11/11 MP: 4/4
   203 | D:1      | Reached skill level 2 in Conjurations
   203 | D:1      | Reached XP level 2. HP: 17/17 MP: 1/6
   938 | D:1      | Reached XP level 3. HP: 21/21 MP: 4/7
  1152 | D:1      | Reached skill level 3 in Conjurations
  1904 | D:2      | Reached XP level 4. HP: 27/27 MP: 4/8
  2013 | D:2      | Found Xede's Magic Scroll Emporium.
  2037 | D:2      | Bought a scroll of identify for 28 gold pieces
  2037 | D:2      | Identified a potion of haste
  2038 | D:2      | Identified 2 potions of degeneration
  2039 | D:2      | Identified 2 potions of cancellation
  2071 | D:2      | Reached skill level 4 in Conjurations
  2169 | D:2      | Learned a level 3 spell: Mephitic Cloud
  2296 | D:2      | Identified 2 potions of resistance
  2482 | D:3      | Noticed Sigmund
  2635 | D:4      | Found a staircase to the Ecumenical Temple.
  2647 | D:4      | Noticed a scorpion
  2690 | D:4      | Got the Verses on Enchantment
  2877 | D:4      | Reached skill level 1 in Alchemy
  2912 | D:4      | Found an iron altar of Okawaru.
  2923 | D:4      | Reached XP level 5. HP: 21/31 MP: 4/9
  3136 | D:4      | Identified a potion of heal wounds
  3174 | D:4      | Identified a potion of mutation
  3174 | D:4      | Gained mutation: Your mind is acute. (Int +4, Str/Dex -1)
                  | [potion of mutation]
  3174 | D:4      | Gained mutation: Your flesh is heat resistant. (rF+)
                  | [potion of mutation]
  3177 | D:4      | Killed from afar by an orc priest

Illustrated notes

Levels and vault maps discovered:
D:1:      minmay_arrival_solitary_statue, layout_loops_ring, fountainhead
D:2:      layout_basic, serial_shops, shop
D:3:      layout_rooms, nicolae_uskayaw_suspiria, uniq_robin, uniq_grinder,
          uniq_sigmund
D:4:      layout_loops_ring, okawaru_ov_weapons_minmay,
          minmay_temple_entry_stoned_glass, kennysheep_pointless_box

Skill      XL: |  1  2  3  4 |
---------------+-------------+-----
Conjurations   | 2 3 4 |  4.1
Alchemy        | 1 |  1.8
Dodging        | |  2.0
Stealth        | |  2.6
Spellcasting   | |  3.5
Summonings     | |  1.0
Translocations | |  1.0

Action                     |  1- 3 |  4- 6 || total
---------------------------+-------+-------++-------
  Melee: Short sword       |    12 |     7 ||    19
         Constrict         |     4 |     8 ||    12
         Tentacles         |     2 |     4 ||     6
         Dagger            |       |    18 ||    18
         Punch             |       |     3 ||     3
   Cast: Magic Dart        |    83 |    53 ||   136
    Use: Scroll            |       |     5 ||     5
         Potion            |       |     2 ||     2
   Stab: Sleeping          |       |     2 ||     2
 Armour: Skin              |     8 |    21 ||    29
  Dodge: Dodged            |     5 |    15 ||    20

Table legend: (Time is in decaauts)
 A = Elapsed time spent in this place.
 B = Non-inter-level travel time spent in this place.
 C = Inter-level travel time spent in this place.
 D = Time resting spent in this place.
 E = Time spent auto-exploring this place.
 F = Levels seen in this place.
 G = Mean time per level.
                   A        B        C        D        E       F      G
               +--------+--------+--------+--------+--------+-----+--------+
         Total |   3168 |   3082 |     86 |    777 |   1913 |   4 |  792.0 |
       Dungeon |   3168 |   3082 |     86 |    777 |   1913 |   4 |  792.0 |
               +--------+--------+--------+--------+--------+-----+--------+

Top non-repeatable levels by time:
     D:1: 1241 daAuts
     D:2: 1190 daAuts
     D:4: 594 daAuts
     D:3: 141 daAuts
